 Dungeon Crawl Stone Soup version 0.25-a0-404-gc1b5a34292 (webtiles) character file.

Game seed: 13492780387534323115, levelgen mode: deterministic

1899 Ge0ff the Ruffian (level 9, -9/65 HPs)
             Began as a Formicid Transmuter on Jan 12, 2020.
             Was an Initiate of Ru.
             Mangled by an orc warrior
             ... wielding a +0 battleaxe
              (25 damage)
             ... on level 7 of the Dungeon.
             The game lasted 00:23:58 (9246 turns).

Ge0ff the Ruffian (Formicid Transmuter)             Turns: 9246, Time: 00:23:58

Health: -9/65      AC:  5    Str: 15    XL:     9   Next: 38%
Magic:  5/15       EV: 20    Int: 16    God:    Ru [......]
Gold:   314        SH:  0    Dex: 16    Spells: 1/16 levels left

rFire    . . .     SeeInvis .     - Unarmed
rCold    . . .     Gourm    .   (shield currently unavailable)
rNeg     . . .     Faith    .   (armour currently unavailable)
rPois    x         Spirit   .   (helmet unavailable)
rElec    .         Reflect  .   (cloak currently unavailable)
rCorr    .         Harm     .   (gloves currently unavailable)
MR       +....                  (boots currently unavailable)
Stlth    +++.......             (no amulet)
HPRegen  0.20/turn              M - ring of protection from magic {=R}
MPRegen  0.14/turn              N - +3 ring of protection

@: spider-form, very slightly contaminated
A: tiny, permanent stasis, dig shafts and tunnels, four strong arms
a: End Transformation, Renounce Religion


You were on level 7 of the Dungeon.
You worshipped Ru.
Ru was noncommittal.
You were near starving.
You were a venomous arachnid creature.
You visited 2 branches of the dungeon, and saw 8 of its levels.

You collected 314 gold pieces.

Inventory:

Missiles
 a - 47 arrows
 E - 9 datura-tipped darts
 U - 18 poisoned darts (quivered)
 Z - 177 stones
Armour
 b - a +0 robe (melded)
 D - a +0 pair of gloves (melded)
 I - a +0 buckler (melded)
 P - a +0 leather armour
 X - a +0 pair of boots (melded)
Jewellery
 K - an uncursed ring of stealth
 M - a ring of protection from magic (left front leg) {=R}
 N - a +3 ring of protection (right front leg)
 S - an uncursed ring of magical power
Wands
 s - a wand of disintegration (15)
 x - a wand of random effects (20)
Scrolls
 w - 3 scrolls of enchant armour
 y - 3 scrolls of immolation
 z - a scroll of amnesia
 C - 3 scrolls of remove curse
 J - a scroll of noise {unknown}
 L - 2 scrolls of teleportation {unknown}
 R - 3 scrolls of fear {unknown}
 V - a scroll of magic mapping {unknown}
Potions
 v - 2 potions of might {unknown}
 A - a potion of flight {unknown}
 F - 2 potions of haste {unknown}
 H - 2 potions of heal wounds {unknown}
 O - a potion of brilliance {unknown}
 T - a potion of invisibility {unknown}
 W - a potion of ambrosia {unknown}
 Y - a potion of curing {unknown}
Comestibles
 r - 10 rations


   Skills:
 + Level 4.2 Fighting
 + Level 2.2 Armour
 + Level 2.8 Dodging
 + Level 4.3 Stealth
 - Level 2.4 Shields
 * Level 6.3 Unarmed Combat
 + Level 4.1 Spellcasting
 + Level 4.5 Transmutations
 * Level 2.4 Ice Magic
 + Level 5.2 Poison Magic
 + Level 2.2 Evocations


You had one spell level left.
You knew the following spells:

 Your Spells              Type           Power        Failure   Level  Hunger
b - Spider Form           Tmut/Pois      ###.......   19%         3    ###....
h - Blade Hands           Tmut           ###.......   77%         5    ######.
i - Ice Form              Ice/Tmut       ##......     58%         4    ####...
s - Beastly Appendage     Tmut           ###...       10%         1    None
S - Sticks to Snakes      Tmut           ###.....     12%         2    ##.....

Your spell library contained the following spells:

 Spells                   Type           Power        Failure   Level  Hunger
 Animate Skeleton         Necr           N/A          36%         1    None
 Apportation              Tloc           #.....       36%         1    None
 Corona                   Hex            #......      36%         1    None
 Summon Small Mammal      Summ           #...         36%         1    None


Dungeon Overview and Level Annotations

Branches:
Dungeon (7/15)             Temple (1/1) D:7

Altars:
Ashenzari
Cheibriados
Dithmenos
Elyvilon
Fedhas
Gozag
Hepliaklqana
Kikubaaqudgha
Makhleb
Nemelex Xobeh
Okawaru
Qazlal
Ru
Sif Muna
Trog
Uskayaw
Vehumet
Wu Jian
Yredelemnul
Zin
The Shining One

Shops:
D:5 =


Innate Abilities, Weirdness & Mutations

You cannot be hasted, slowed, berserked, paralysed or teleported.
You can dig through walls and to a lower floor.
Your four strong arms can wield two-handed weapons with a shield.
((You have a pair of large antennae on your head. (SInv)))


Message History

Your adder barely misses the orc.
The orc hits your adder but does no damage.
Your adder bites the orc but does no damage.
You hit the orc wizard.
The orc wizard is poisoned.
The orc wizard is heavily wounded.
Your adder bites the orc but does no damage.
You completely miss the orc wizard.
The orc wizard is heavily wounded.
The orc wizard hits you but does no damage.
Your adder bites the orc but does no damage.
You bite the orc wizard!
You kill the orc wizard!
You feel sick.
You are no longer poisoned.
Your adder bites the orc but does no damage.
You hit the orc warrior.
The orc warrior is poisoned.
The orc warrior is lightly wounded.
Your adder bites the orc but does no damage.
The orc warrior hits you with a +0 battleaxe!!
You die...

..# #..........# #.# #
#...S......# #รท##.#
#..........# .....#
#....S.....## #.#####
#............. .....[#
#...)o.....### #.###.#
#..........# ...##.#
#####o###### ....#.#
##.s.## ....#.# #.....#
......# ####.....##
......## #........>#
.......####.###.....###
......................+
.......####.####....###
{ #.....## #.# #...#.#
##...## #.# #.###.#


You could see an orc warrior, an orc and a friendly adder.

Vanquished Creatures
  A hippogriff (D:7)
  An orc warrior (D:6)
  A phantom (D:4)
  3 ogres (D:7)
  2 centaurs
  A bullfrog (D:7)
  2 scorpions
  3 killer bees (D:7)
  A vampire bat (D:3)
  A howler monkey (D:4)
  A jelly (D:5)
  A bullfrog zombie (D:7)
  An orc priest (Temple)
  A hound (D:4)
  8 orc wizards
  A bullfrog skeleton (D:4)
  3 worker ants
  A howler monkey zombie (D:6)
  4 gnolls
  7 adders
  2 shadow imps
  4 oozes
  2 worms
  5 dart slugs
  3 leopard geckos
  20 orcs
  2 ball pythons (D:3)
  5 bat skeletons (D:3)
  A bat zombie (D:3)
  2 giant cockroaches
  8 goblins
  10 hobgoblins
  6 jackals
  4 kobolds
  6 quokkas
  7 bats
  5 frilled lizards
  4 rats
140 creatures vanquished.

Vanquished Creatures (collateral kills)
  A scorpion (D:4)
  A crimson imp (D:4)
  An adder (D:3)
3 creatures vanquished.

Grand Total: 143 creatures vanquished

Notes
Turn   | Place    | Note
-------+----------+-------------------------------------------
     0 | D:1      | Ge0ff the Formicid Transmuter began the quest for the Orb.
     0 | D:1      | Reached XP level 1. HP: 15/15 MP: 3/3
   214 | D:1      | Reached skill level 1 in Stealth
   214 | D:1      | Reached XP level 2. HP: 9/21 MP: 3/5
   385 | D:1      | Learned a level 2 spell: Sticks to Snakes
   642 | D:1      | Reached XP level 3. HP: 21/26 MP: 5/7
   647 | D:1      | Learned a level 3 spell: Spider Form
  1340 | D:1      | Reached skill level 1 in Poison Magic
  1340 | D:1      | Reached XP level 4. HP: 32/32 MP: 4/8
  1666 | D:2      | Found a blossoming altar of Fedhas.
  3150 | D:3      | Reached XP level 5. HP: 24/37 MP: 6/9
  3875 | D:3      | Found an ancient bone altar of Kikubaaqudgha.
  3883 | D:3      | Reached skill level 1 in Shields
  4007 | D:3      | Found a shattered altar of Ashenzari.
  4108 | D:3      | Found a shimmering blue altar of Sif Muna.
  4210 | D:3      | Found a burning altar of Makhleb.
  4332 | D:4      | Noticed a phantom
  4377 | D:4      | Killed a phantom
  4377 | D:4      | Reached skill level 4 in Unarmed Combat
  4377 | D:4      | Reached XP level 6. HP: 23/44 MP: 8/10
  4674 | D:4      | You fall into a shaft and drop 2 floors!
  4818 | D:6      | Reached XP level 7. HP: 46/51 MP: 2/11
  5546 | D:6      | Reached skill level 5 in Unarmed Combat
  5569 | D:6      | Learned a level 4 spell: Ice Form
  5821 | D:6      | Reached XP level 8. HP: 58/58 MP: 9/13
  6034 | D:5      | Entered Level 5 of the Dungeon
  6320 | D:5      | Found Qiosol's Jewellery Shop.
  6415 | D:5      | Found a shadowy altar of Dithmenos.
  7039 | D:4      | Found a hide-covered altar of Uskayaw.
  7039 | D:4      | Found a faded altar of an unknown god.
  7045 | D:4      | Found a radiant altar of Vehumet.
  7047 | D:4      | Found a glowing silver altar of Zin.
  7049 | D:4      | Found a faded altar of an unknown god.
  7283 | D:4      | Reached skill level 1 in Armour
  7640 | D:7      | Reached skill level 1 in Evocations
  7674 | D:7      | Found an ornate altar of the Wu Jian Council.
  7735 | D:7      | Reached skill level 1 in Ice Magic
  8062 | D:7      | Reached skill level 6 in Unarmed Combat
  8062 | D:7      | Reached XP level 9. HP: 65/65 MP: 10/15
  8544 | D:7      | Noticed a hippogriff
  8559 | D:7      | Killed a hippogriff
  8559 | D:7      | Reached skill level 5 in Poison Magic
  8722 | D:7      | Learned a level 5 spell: Blade Hands
  8730 | D:7      | Found a staircase to the Ecumenical Temple.
  8741 | Temple   | Entered the Ecumenical Temple
  9033 | Temple   | Became a worshipper of Ru the Awakened
  9246 | D:7      | Mangled by an orc warrior

Levels and vault maps discovered:
D:1:      ebering_trefoil_twist, layout_basic, minmay_pentomino_w2
D:2:      layout_loops_corners, marbit_many_paths, minmay_cut_off
D:3:      layout_rooms, lemuel_round_altar, lemuel_blue_sif_altar,
          kennysheep_vampire_church, ashenzari_altar_1
D:4:      layout_basic, chequers_temple_overflow_minitemple, first_ration
D:5:      layout_loops_ring, minmay_shop_enchanted_jewellery,
          nicolae_dithmenos_the_darkroom
D:6:      layout_basic
D:7:      layout_loops_corners, kennysheep_little_box,
          minmay_temple_entry_gardened_gates
Temple:   hc_temple_tempest_star

Skill      XL: |  1  2  3  4  5  6  7  8  9 |
---------------+----------------------------+-----
Stealth        | 1 2 3 4 |  4.3
Transmutations | 3 4 |  4.5
Poison Magic   | 1 2 3 4 5 |  5.2
Spellcasting   | 3 4 |  4.1
Shields        | 2 |  2.4
Fighting       | 2 3 4 |  4.2
Unarmed Combat | 4 5 6 |  6.3
Dodging        | 2 |  2.8
Armour         | 1 2 |  2.2
Evocations     | 1 2 |  2.2
Ice Magic      | 1 2 |  2.4

Action                   |  1- 3 |  4- 6 |  7- 9 || total
-------------------------+-------+-------+-------++-------
Melee: Unarmed           |    67 |   252 |   255 ||   574
       Kick              |     6 |    20 |     2 ||    28
       Punch             |     1 |     2 |       ||     3
Throw: Stone             |    27 |    31 |       ||    58
       Dart              |       |    19 |    48 ||    67
 Cast: Beastly Appendage |    13 |    29 |     4 ||    46
       Spider Form       |     4 |     8 |    23 ||    35
       Sticks to Snakes  |       |     9 |     9 ||    18
       Ice Form          |       |       |     1 ||     1
 Abil: End Transformatio |       |       |     1 ||     1
  Use: Scroll            |       |     4 |     1 ||     5
 Stab: Sleeping          |       |     4 |     3 ||     7
  Eat: Chunk             |     2 |     9 |    16 ||    27
       Ration            |       |     1 |       ||     1
Armor: Robe              |    19 |    56 |    33 ||   108
       Skin              |       |    10 |    15 ||    25
Dodge: Dodged            |    44 |   175 |   163 ||   382
Block: Buckler           |       |       |     8 ||     8

Table legend:
 A = Non-vault XP
 B = Vault XP
 C = Vault XP percentage of total XP
 D = Non-vault monster count
 E = Vault monster count
 F = Vault count percentage of total count
                 A         B        C        D         E       F
            +---------+---------+-------+---------+---------+-------
      Total |    2628 |      86 |   3.2 |     131 |      12 |   8.4
            +---------+---------+-------+---------+---------+-------
        D:1 |      67 |       6 |   8.2 |      23 |       2 |   8.0
        D:2 |      37 |       8 |  17.8 |      11 |       3 |  21.4
        D:3 |      60 |      72 |  54.5 |      18 |       7 |  28.0
        D:4 |     528 |       0 |   0.0 |      17 |       0 |   0.0
        D:5 |      86 |       0 |   0.0 |       5 |       0 |   0.0
        D:6 |     612 |       0 |   0.0 |      30 |       0 |   0.0
        D:7 |    1197 |       0 |   0.0 |      26 |       0 |   0.0
     Temple |      41 |       0 |   0.0 |       1 |       0 |   0.0
            +---------+---------+-------+---------+---------+-------
